 Dungeon Crawl Stone Soup version 0.26-a0-611-g354ed81502 (webtiles) character file.

Game seed: 4373783228725229591

33406 Gargoyl the Fighter (level 13, -1/114 HPs)
             Began as a Gnoll Abyssal Knight on Sept 5, 2020.
             Was an Elder of Lugonu.
             Slain by a dire elephant (15 damage)
             ... on level 5 of the Lair of Beasts.
             The game lasted 00:25:16 (23576 turns).

Gargoyl the Fighter (Gnoll Abyssal Knight)         Turns: 23576, Time: 00:25:17

Health: -1/114     AC: 20    Str: 20    XL:     13   Next: 70%
Magic:  0/25       EV: 16    Int: 15    God:    Lugonu [****..]
Gold:   849        SH:  0    Dex: 16    Spells: 29/29 levels left

rFire    + . .     SeeInvis .   k - +5 hand axe (flame)
rCold    . . .     Faith    .   (no shield)
rNeg     + . .     Spirit   +   n - +1 scale mail {rN+}
rPois    +         Reflect  .   r - +0 helmet
rElec    .         Harm     .   o - +1 cloak {rPois}
rCorr    .         Rnd*Rage +   c - +0 pair of gloves
MR       .....                  (no boots)
Stlth    +++.......             i - amulet of guardian spirit
HPRegen  0.29/turn              y - ring of protection from fire
MPRegen  0.19/turn              w - +4 ring of protection

@: mighty
A: distributed training, fangs 1, icy blue scales 1, berserk 1, robust 1, strong
1, strong nose
a: Depart the Abyss, Bend Space, Banish, Corrupt, Renounce Religion


You were on level 5 of the Lair of Beasts.
You worshipped Lugonu.
Lugonu was greatly pleased with you.
You visited 2 branches of the dungeon, and saw 14 of its levels.
You visited the Abyss 3 times.

You collected 849 gold pieces.

Inventory:

Hand Weapons
 a - a +2 hand axe
 k - a +5 hand axe of flaming (weapon)
Missiles
 e - 17 boomerangs (quivered)
 C - 5 silver javelins
Armour
 c - a +0 pair of gloves (worn)
 n - a +1 scale mail of positive energy (worn)
 o - a +1 cloak of poison resistance (worn)
 r - a +0 helmet (worn)
Jewellery
 g - an uncursed ring of flight
 i - an amulet of guardian spirit (around neck)
 j - an uncursed ring of protection from cold
 w - a +4 ring of protection (right hand)
 y - a ring of protection from fire (left hand)
 D - an uncursed ring of resist corrosion
Wands
 b - a wand of random effects (17)
 s - a wand of disintegration (11)
 u - a wand of digging (12)
 x - a wand of acid (10)
 z - a wand of flame (46)
 A - a wand of paralysis (6)
 F - a wand of iceblast (8)
 H - a wand of polymorph (13)
Scrolls
 d - 12 scrolls of remove curse
 l - 9 scrolls of teleportation
 m - 8 scrolls of identify
 p - 2 scrolls of magic mapping
 v - a scroll of blinking
 G - 2 scrolls of noise
Potions
 f - a potion of berserk rage
 h - 2 potions of flight
 q - a potion of haste
 t - a potion of mutation
 E - a potion of resistance
 J - a potion of curing
Miscellaneous
 I - a lightning rod (4/4)


   Skills:
 + Level 10.7 Fighting
 + Level 8.5 Short Blades
 + Level 8.5 Long Blades
 + Level 9.7 Axes
 + Level 8.5 Maces & Flails
 + Level 8.5 Polearms
 + Level 8.5 Staves
 + Level 8.5 Slings
 + Level 8.5 Bows
 + Level 8.5 Crossbows
 + Level 8.5 Throwing
 + Level 9.7 Armour
 + Level 9.0 Dodging
 + Level 8.5 Stealth
 + Level 8.5 Shields
 + Level 8.5 Unarmed Combat
 + Level 8.5 Spellcasting
 + Level 7.1 Conjurations
 + Level 7.1 Hexes
 + Level 7.1 Summonings
 + Level 7.1 Necromancy
 + Level 7.1 Translocations
 + Level 7.1 Transmutations
 + Level 7.1 Fire Magic
 + Level 7.1 Ice Magic
 + Level 7.1 Air Magic
 + Level 7.1 Earth Magic
 + Level 7.1 Poison Magic
 + Level 10.3 Invocations
 + Level 8.5 Evocations


You had 29 spell levels left.
You didn't know any spells.
Your spell library contained the following spells:

 Spells                   Type           Power        Failure   Level
 Freeze                   Ice            ####         1%          1
 Frozen Ramparts          Ice            ####..       4%          3
 Ozocubu's Armour         Ice            ####....     4%          3
 Hailstorm                Conj/Ice       ####....     14%         4
 Ice Form                 Ice/Tmut       ####....     14%         4
 Summon Ice Beast         Ice/Summ       ####....     14%         4
 Metabolic Englaciation   Hex/Ice        ####......   36%         5
 Freezing Cloud           Conj/Ice/Air   ####......   91%         6
 Ozocubu's Refrigeration  Ice            ####......   91%         6
 Simulacrum               Ice/Necr       ####......   91%         6


Dungeon Overview and Level Annotations

Branches:
Dungeon (8/15)             Temple (0/1) D:6            Lair (6/6) D:8
 Shoals (0/4) Lair:2       Spider (0/4) Lair:2        Slime (0/5) Lair:5

Altars:
Ashenzari
Cheibriados
Elyvilon
Gozag
Hepliaklqana
Kikubaaqudgha
Nemelex Xobeh
Okawaru
Qazlal
Trog
Vehumet
Wu Jian
Xom
The Shining One
Jiyva

Shops:
D:4 }   D:6 :

Annotations:
D:3 2 transporters, Hores's ghost, weakling GrEE


Innate Abilities, Weirdness & Mutations

Your experience applies equally to all skills.
You have very sharp teeth.
Your uncanny sense of smell can sniff out nearby items.
You are partially covered in icy blue scales. (AC +2)
You tend to lose your temper in combat.
You are robust. (+10% HP)
Your muscles are strong. (Str +2)


Message History

You feel much better. The dire elephant misses you.
The dire elephant closely misses you.
You completely miss the dire elephant.
The dire elephant is moderately wounded.
The dire elephant tramples you.
You stumble backwards!
You hit the dire elephant. You burn the dire elephant.
The dire elephant is heavily wounded.
The dire elephant tramples you!!
* * * LOW HITPOINT WARNING * * *
You stumble backwards!
You slash the dire elephant! You burn the dire elephant!
The dire elephant is severely wounded.
The dire elephant tramples you!
* * * LOW HITPOINT WARNING * * *
You stumble backwards!
You hit the dire elephant. You burn the dire elephant.
You bite the dire elephant.
The dire elephant is severely wounded.
The dire elephant tramples you!!
You die...

#.....#.................
#....##....##.#.........
####....##.....##P........
##♣♣♣..#...####..####(........
##PPP.......P####..##..#.(.....
#≈≈P≈.........# #.##...........
#≈≈≈PP.......## #..#...........
#≈P≈≈.......#####.##...........
##♣≈≈.........@Y.........>.....
#≈≈♣#..............###.......
#≈##................##.......
####................##.......
##.#...#.#...#..##........
#.......#.#..#..........._
##..........#...........P.>
#.......................#..
#..........................


You could see a dire elephant.

Vanquished Creatures
  A hydra (Lair:5)
  A catoblepas (Lair:4)
  An anaconda (Lair:6)
  A death yak (D:7)
  A lindwurm (Lair:4)
  Pikel (D:4)
  5 black mambas
  Joseph (D:7)
  11 elephants
  Psyche (D:8)
  A torpor snail (Lair:6)
  13 cane toads
  A rime drake (Lair:6)
  5 komodo dragons
  A jumping spider (Lair:2)
  A polar bear (Lair:3)
  8 blink frogs (Lair:6)
  3 hippogriffs
  5 wyverns
  37 yaks
  4 basilisks
  Menkaure (D:4)
  11 water moccasins
  10 porcupines
  An ice beast (D:6)
  2 sky beasts
  An ogre (D:5)
  5 phantoms
  13 wolves
  5 centaurs (D:8)
  13 crocodiles
  15 bullfrogs
  A water moccasin zombie (D:7)
  4 scorpions
  6 killer bees (D:7)
  5 wights (D:6)
  An electric eel (Lair:5)
  5 howler monkeys
  4 crimson imps (D:3)
  A lava snake (Lair:5)
  2 centaur zombies
  A quasit (D:8)
  2 bullfrog skeletons
  4 orc priests
  5 hounds
  4 jellies
  Crazy Yiuf (D:3)
  A centaur skeleton (D:6)
  2 hell rats (Lair:1)
  4 iguanas
  3 orc wizards
  2 worker ants
  A statue (D:7)
  A hound zombie (D:7)
  A howler monkey skeleton (D:8)
  4 adders
  10 river rats (Lair:1)
  A shadow imp (D:7)
  A white imp (D:7)
  5 ufetubi
  An ooze (D:1)
  An adder zombie (D:7)
  3 adder skeletons (D:4)
  2 worms (D:4)
  2 dart slugs
  6 leopard geckos
  19 orcs
  A giant cockroach (D:4)
  7 goblins
  3 hobgoblins
  4 jackals (D:1)
  2 quokkas
  2 ball pythons
  A ball python skeleton (D:6)
  7 bats
  3 frilled lizards
  A jackal zombie (D:5)
  4 kobolds
  7 rats
338 creatures vanquished.

Vanquished Creatures (collateral kills)
  A komodo dragon (Lair:2)
1 creature vanquished.

Vanquished Creatures (others)
  2 minotaurs (D:1)
  2 draconians (D:1)
  2 octopodes (D:1)
  A vine stalker (D:1)
  A spriggan (D:1)
  A human (D:1)
  A vampire (D:1)
  A dwarf (D:1)
  A mummy (D:1)
  27 fungi
  32 plants
  4 tentacles (D:1)
75 creatures vanquished.

Grand Total: 414 creatures vanquished

Notes
Turn   | Place    | Note
-------+----------+-------------------------------------------
     0 | Abyss:1  | Gargoyl the Gnoll Abyssal Knight began the quest for the
                  | Orb.
     0 | Abyss:1  | Reached XP level 1. HP: 23/23 MP: 3/3
    46 | Abyss:1  | Noticed a thrashing horror
    50 | D:1      | Escaped the Abyss
    50 | D:1      | Noticed a spriggan
    50 | D:1      | Noticed a dwarf
    50 | D:1      | Noticed a draconian
    50 | D:1      | Noticed an octopode
    50 | D:1      | Noticed an octopode
    50 | D:1      | Noticed a minotaur
    50 | D:1      | Noticed a kraken
    50 | D:1      | Noticed a human
    50 | D:1      | Noticed a minotaur
    50 | D:1      | Noticed a vampire
    50 | D:1      | Noticed a draconian
    50 | D:1      | Noticed a vine stalker
    53 | D:1      | Killed a spriggan
    58 | D:1      | Killed a dwarf
    60 | D:1      | Killed an octopode
    61 | D:1      | Killed a draconian
    61 | D:1      | Killed an octopode
    61 | D:1      | Killed a minotaur
    62 | D:1      | Killed a vine stalker
    64 | D:1      | Killed a vampire
    64 | D:1      | Killed a draconian
    65 | D:1      | Killed a human
    67 | D:1      | Killed a minotaur
   140 | D:1      | Reached XP level 2. HP: 26/29 MP: 5/5
   144 | D:1      | Reached * piety under Lugonu
   387 | D:1      | Reached XP level 3. HP: 25/35 MP: 6/6
  1046 | D:2      | Found a snail-covered altar of Cheibriados.
  1108 | D:2      | Reached skill level 1 in Short Blades
  1108 | D:2      | Reached skill level 1 in Long Blades
  1108 | D:2      | Reached skill level 1 in Maces & Flails
  1108 | D:2      | Reached skill level 1 in Polearms
  1108 | D:2      | Reached skill level 1 in Staves
  1108 | D:2      | Reached skill level 1 in Slings
  1108 | D:2      | Reached skill level 1 in Bows
  1108 | D:2      | Reached skill level 1 in Crossbows
  1108 | D:2      | Reached skill level 1 in Throwing
  1108 | D:2      | Reached skill level 1 in Stealth
  1108 | D:2      | Reached skill level 1 in Shields
  1108 | D:2      | Reached skill level 1 in Unarmed Combat
  1108 | D:2      | Reached skill level 1 in Spellcasting
  1108 | D:2      | Reached skill level 1 in Evocations
  1258 | D:2      | Reached XP level 4. HP: 25/41 MP: 7/7
  1598 | D:3      | Found a transporter.
  1600 | D:3      | Found a transporter.
  1688 | D:3      | Found a runed translucent door.
  1689 | D:3      | Noticed Crazy Yiuf
  1707 | D:3      | Found a shimmering altar of Xom.
  1726 | D:3      | Reached skill level 1 in Conjurations
  1726 | D:3      | Reached skill level 1 in Hexes
  1726 | D:3      | Reached skill level 1 in Summonings
  1726 | D:3      | Reached skill level 1 in Necromancy
  1726 | D:3      | Reached skill level 1 in Translocations
  1726 | D:3      | Reached skill level 1 in Transmutations
  1726 | D:3      | Reached skill level 1 in Fire Magic
  1726 | D:3      | Reached skill level 1 in Ice Magic
  1726 | D:3      | Reached skill level 1 in Air Magic
  1726 | D:3      | Reached skill level 1 in Earth Magic
  1726 | D:3      | Reached skill level 1 in Poison Magic
  1741 | D:3      | Reached XP level 5. HP: 21/47 MP: 8/8
  2002 | D:3      | Reached ** piety under Lugonu
  2007 | D:3      | Reached skill level 5 in Invocations
  2007 | D:3      | Reached XP level 6. HP: 16/53 MP: 9/9
  2404 | D:3      | Noticed Hores's ghost (weakling GrEE)
  2482 | D:3      | Killed Crazy Yiuf
  2760 | D:4      | Found a hazy altar of Hepliaklqana.
  2760 | D:4      | Found an ornate altar of the Wu Jian Council.
  2775 | D:4      | Noticed a phantom
  2807 | D:4      | Killed a phantom
  2807 | D:4      | Reached skill level 5 in Axes
  2807 | D:4      | Reached skill level 5 in Armour
  3051 | D:4      | Noticed Menkaure
  3068 | D:4      | Killed Menkaure
  3068 | D:4      | Reached XP level 7. HP: 45/60 MP: 9/11
  3669 | D:4      | Found an opulent altar of Gozag.
  3834 | D:4      | Found a shattered altar of Ashenzari.
  3899 | D:4      | Found Tullairph's Gadget Boutique.
  3988 | D:4      | Noticed Pikel
  4024 | D:4      | Killed Pikel
  4024 | D:4      | Reached XP level 8. HP: 22/67 MP: 12/12
  4529 | D:5      | Entered Level 5 of the Dungeon
  5115 | D:5      | Found an iron altar of Okawaru.
  5755 | D:6      | Reached *** piety under Lugonu
  5755 | D:6      | Reached XP level 9. HP: 51/72 MP: 9/14
  5780 | D:6      | Gained mutation: You possess an exceptional clarity of
                  | mind. [potion of mutation]
  5780 | D:6      | Gained mutation: You are weak. (Str -2) [potion of
                  | mutation]
  5780 | D:6      | Gained mutation: You are agile. (Dex +2) [potion of
                  | mutation]
  5781 | D:6      | HP: 2/73 [wight/+4 flail (3)]
  5783 | D:6      | Found a staircase to the Ecumenical Temple.
  6127 | D:6      | Found Sedumm's Book Boutique.
  6353 | D:6      | Found a white marble altar of Elyvilon.
  6840 | D:6      | Found an ancient bone altar of Kikubaaqudgha.
  6917 | D:7      | Reached skill level 5 in Dodging
  7106 | D:7      | Noticed Joseph
  7177 | D:7      | Killed Joseph
  7411 | D:7      | Found a bloodstained altar of Trog.
  7569 | D:7      | Found a sparkling altar of Nemelex Xobeh.
  7646 | D:7      | Reached XP level 10. HP: 58/80 MP: 17/17
  8087 | D:7      | Found a radiant altar of Vehumet.
  8273 | D:8      | Noticed a death yak
  8275 | D:8      | Found a staircase to the Lair.
  8649 | D:8      | Reached skill level 5 in Short Blades
  8649 | D:8      | Reached skill level 5 in Long Blades
  8649 | D:8      | Reached skill level 5 in Maces & Flails
  8649 | D:8      | Reached skill level 5 in Polearms
  8649 | D:8      | Reached skill level 5 in Staves
  8649 | D:8      | Reached skill level 5 in Slings
  8649 | D:8      | Reached skill level 5 in Bows
  8649 | D:8      | Reached skill level 5 in Crossbows
  8649 | D:8      | Reached skill level 5 in Throwing
  8649 | D:8      | Reached skill level 5 in Stealth
  8649 | D:8      | Reached skill level 5 in Shields
  8649 | D:8      | Reached skill level 5 in Unarmed Combat
  8649 | D:8      | Reached skill level 5 in Spellcasting
  8649 | D:8      | Reached skill level 5 in Evocations
  8926 | D:8      | Noticed Psyche
  8936 | D:8      | Cast into level 2 of the Abyss (Psyche)
  9027 | Abyss:2  | Noticed a sixfirhy
  9035 | D:8      | Escaped the Abyss
  9078 | D:7      | HP: 1/123 [death yak (19)]
  9079 | D:7      | Killed a death yak
  9553 | D:8      | Cast into level 1 of the Abyss (Psyche)
  9554 | Abyss:1  | Found a corrupted altar of Lugonu.
  9624 | Abyss:1  | Noticed a starcursed mass
  9625 | D:8      | Escaped the Abyss
  9636 | D:8      | Killed Psyche
 10905 | D:8      | Lost mutation: You are weak. (Str -2) [potion of mutation]
 10905 | D:8      | Lost mutation: You are agile. (Dex +2) [potion of mutation]
 10905 | D:8      | Lost mutation: You possess an exceptional clarity of mind.
                  | [potion of mutation]
 10905 | D:8      | Gained mutation: Your muscles are strong. (Str +2) [potion
                  | of mutation]
 10905 | D:8      | Gained mutation: You tend to lose your temper in combat.
                  | [potion of mutation]
 10905 | D:8      | Gained mutation: You are robust. (+10% HP) [potion of
                  | mutation]
 10905 | D:8      | Gained mutation: You are partially covered in icy blue
                  | scales. (AC +2) [potion of mutation]
 11122 | Lair:1   | Entered Level 1 of the Lair of Beasts
 11501 | Lair:1   | Found a stormy altar of Qazlal.
 11545 | Lair:1   | Reached XP level 11. HP: 69/95 MP: 12/19
 11670 | Lair:1   | Noticed a seven-headed hydra
 11679 | Lair:1   | Banished a seven-headed hydra
 11883 | Lair:1   | Reached skill level 5 in Conjurations
 11883 | Lair:1   | Reached skill level 5 in Hexes
 11883 | Lair:1   | Reached skill level 5 in Summonings
 11883 | Lair:1   | Reached skill level 5 in Necromancy
 11883 | Lair:1   | Reached skill level 5 in Translocations
 11883 | Lair:1   | Reached skill level 5 in Transmutations
 11883 | Lair:1   | Reached skill level 5 in Fire Magic
 11883 | Lair:1   | Reached skill level 5 in Ice Magic
 11883 | Lair:1   | Reached skill level 5 in Air Magic
 11883 | Lair:1   | Reached skill level 5 in Earth Magic
 11883 | Lair:1   | Reached skill level 5 in Poison Magic
 12361 | Lair:1   | HP: 3/97 [yak (3)]
 13358 | Lair:2   | Found a staircase to the Shoals.
 13639 | Lair:2   | Found a hole to the Spider Nest.
 13681 | Lair:2   | HP: 4/97 [jumping spider (2)]
 15078 | Lair:3   | Reached XP level 12. HP: 84/105 MP: 18/22
 15341 | Lair:3   | HP: 5/105 [yak (2)]
 16230 | Lair:3   | Reached **** piety under Lugonu
 17753 | Lair:4   | Noticed a catoblepas
 17796 | Lair:4   | Killed a catoblepas
 17796 | Lair:4   | Reached skill level 10 in Fighting
 19118 | Lair:4   | Found a glowing golden altar of the Shining One.
 19226 | Lair:4   | Reached XP level 13. HP: 107/113 MP: 21/24
 19534 | Lair:5   | Found a viscous altar of Jiyva.
 19535 | Lair:5   | Found a staircase to the Slime Pits.
 20708 | Lair:6   | Entered Level 6 of the Lair of Beasts
 20745 | Lair:5   | Reached skill level 10 in Invocations
 23313 | Lair:6   | Noticed a dire elephant
 23328 | Lair:6   | Noticed a dire elephant
 23342 | Lair:6   | Noticed a dire elephant
 23576 | Lair:5   | Slain by a dire elephant

Illustrated notes

Levels and vault maps discovered:
D:1:      nicolae_arrival_kraken_aquarium_a, layout_rooms
D:2:      layout_basic, overflow_temple_1_default, st_stairs_12
D:3:      layout_rooms, led_xom_imps, gammafunk_ghost_mausoleum,
          uniq_crazy_yiuf_cottage
D:4:      layout_basic, grunt_gozag_breadcrumbs, lemuel_crystal_altar,
          gammafunk_temple_overflow_statue, serial_shops, shop_statue,
          hangedman_decor_peaks_small, uniq_menkaure, uniq_pikel
D:5:      layout_basic, lemuel_coloured_pillars_altar, minmay_misc_feat_room
D:6:      layout_cave_pools, nicolae_overflow_crystal_walls, kennysheep_mini,
          minmay_temple_entry_stoned_glass, serial_shops, shop
D:7:      layout_basic, old_standard_altar, vehumet_statue,
          trog_three_pillars_becter, uniq_joseph
D:8:      layout_loops_cross, david_lair_generic, uniq_psyche
Lair:1:   layout_small_grid, basic_altar, kennysheep_rathole
Lair:2:   layout_small_grid, elwin_shoals_entry_rocks, spider_nest_entry_rubble,
          beast_lair_carwin_9
Lair:3:   layout_cave_pods
Lair:4:   layout_cave_pods, basic_altar, beast_lair_carwin_3,
          serial_bayou_shore_b
Lair:5:   layout_gridlike, slime_altar_1, serial_bayou_shore_b
Lair:6:   due_jungle_book, layout_gridlike, st_stairs_7, grunt_megastairs_4

Skill      XL: |  1  2  3  4  5  6  7  8  9 10 11 12 13 |
---------------+----------------------------------------+-----
Short Blades   | 1 2 3 4 5 6 7 8 |  8.5
Long Blades    | 1 2 3 4 5 6 7 8 |  8.5
Maces & Flails | 1 2 3 4 5 6 7 8 |  8.5
Polearms       | 1 2 3 4 5 6 7 8 |  8.5
Staves         | 1 2 3 4 5 6 7 8 |  8.5
Slings         | 1 2 3 4 5 6 7 8 |  8.5
Bows           | 1 2 3 4 5 6 7 8 |  8.5
Crossbows      | 1 2 3 4 5 6 7 8 |  8.5
Throwing       | 1 2 3 4 5 6 7 8 |  8.5
Stealth        | 1 2 3 4 5 6 7 8 |  8.5
Shields        | 1 2 3 4 5 6 7 8 |  8.5
Unarmed Combat | 1 2 3 4 5 6 7 8 |  8.5
Spellcasting   | 1 2 3 4 5 6 7 8 |  8.5
Evocations     | 1 2 3 4 5 6 7 8 |  8.5
Conjurations   | 1 2 3 4 5 6 7 |  7.1
Hexes          | 1 2 3 4 5 6 7 |  7.1
Summonings     | 1 2 3 4 5 6 7 |  7.1
Necromancy     | 1 2 3 4 5 6 7 |  7.1
Translocations | 1 2 3 4 5 6 7 |  7.1
Transmutations | 1 2 3 4 5 6 7 |  7.1
Fire Magic     | 1 2 3 4 5 6 7 |  7.1
Ice Magic      | 1 2 3 4 5 6 7 |  7.1
Air Magic      | 1 2 3 4 5 6 7 |  7.1
Earth Magic    | 1 2 3 4 5 6 7 |  7.1
Poison Magic   | 1 2 3 4 5 6 7 |  7.1
Dodging        | 3 4 5 6 7 8 9 |  9.0
Invocations    | 5 6 7 8 9 10 | 10.3
Axes           | 5 6 7 8 9 |  9.7
Armour         | 5 6 7 8 9 |  9.7
Fighting       | 7 8 9 10 | 10.7

Action                   |  1- 3 |  4- 6 |  7- 9 | 10-12 | 13-15 || total
-------------------------+-------+-------+-------+-------+-------++-------
Melee: Hand axe          |    71 |   118 |   402 |   955 |   338 ||  1884
       Bite              |     5 |    21 |    65 |   162 |    52 ||   305
       Punch             |     1 |     2 |     9 |    43 |    18 ||    73
Throw: Boomerang         |       |    13 |    10 |       |       ||    23
Invok: Depart the Abyss  |     1 |       |       |     2 |       ||     3
       Banish            |       |       |       |    10 |       ||    10
  Use: Scroll            |     5 |     3 |     5 |     5 |     4 ||    22
       Potion            |       |     6 |     4 |     9 |     2 ||    21
 Stab: Sleeping          |       |       |     1 |     5 |     4 ||    10
       Petrified         |       |       |       |     3 |       ||     3
Armor: Leather armour    |    25 |    36 |    11 |       |       ||    72
       Skin              |       |    20 |    44 |       |       ||    64
       Scale mail        |       |       |   175 |   470 |   177 ||   822
Dodge: Dodged            |    72 |    65 |   220 |   710 |   329 ||  1396

Table legend: (Time is in decaauts)
 A = Elapsed time spent in this place.
 B = Non-inter-level travel time spent in this place.
 C = Inter-level travel time spent in this place.
 D = Time resting spent in this place.
 E = Time spent auto-exploring this place.
 F = Levels seen in this place.
 G = Mean time per level.
                   A        B        C        D        E       F      G
               +--------+--------+--------+--------+--------+-----+--------+
         Total |  23551 |  23176 |    375 |   8073 |  10919 |  17 | 1385.4 |
       Dungeon |  10928 |  10721 |    207 |   3382 |   5366 |   8 | 1366.0 |
          Lair |  12400 |  12233 |    167 |   4691 |   5401 |   6 | 2066.7 |
         Abyss |    222 |    222 |      0 |      0 |    152 |   3 |   74.0 |
               +--------+--------+--------+--------+--------+-----+--------+

Top non-repeatable levels by time:
     D:7: 2415 daAuts
  Lair:3: 2376 daAuts
  Lair:6: 2185 daAuts
  Lair:1: 2054 daAuts
  Lair:4: 2015 daAuts
  Lair:5: 1895 daAuts
  Lair:2: 1873 daAuts
     D:4: 1812 daAuts
     D:8: 1641 daAuts
     D:6: 1390 daAuts
     D:3: 1246 daAuts
     D:5: 977 daAuts
     D:2: 760 daAuts
     D:1: 683 daAuts
 Abyss:1: 123 daAuts
